 Dungeon Crawl Stone Soup version 0.31-a0-968-g24f9ace8b5 (webtiles) character file.

Game seed: 17189002121713398452

680 Dirtsage the Ruffian (level 7, 0/46 HPs)
             Began as an Octopode Shapeshifter on Oct 27, 2023.
             Shot with an arrow by a centaur (7 damage)
             ... on level 6 of the Dungeon.
             The game lasted 00:09:31 (3832 turns).

Dirtsage the Ruffian (Octopode Shapeshifter)        Turns: 3832, Time: 00:09:31

Health: 0/46       AC:  1    Str: 14    XL:     7   Next: 60%
Magic:  7/7        EV: 13    Int: 12    God:
Gold:   182        SH:  0    Dex: 13    Spells: 3/6 levels left

rFire   . .          .
                       - Unarmed
rCold   . . .        (no shield)
rNeg    . . .        (helmet currently unavailable)
rPois   .            (no amulet)
rElec   .            S - ring of see invisible
rCorr   .            W - ring of wizardry
SInv    +            (no ring)
Will    .....        (no ring)
Stlth   ++           (no ring)
HPRegen 0.27/turn    (no ring)
MPRegen 0.10/turn    (no ring)
                     (no ring)

%: wizardry (x1)
@: beast-form
A: beast (slay +2), almost no armour, amphibious, 8 rings, camouflage 1,
gelatinous body 1, (nimble swimmer 1), tentacles
a: Begin Untransformation


You were on level 6 of the Dungeon.
You were a hulking beast.
You visited 1 branch of the dungeon, and saw 6 of its levels.

You collected 182 gold pieces.

Inventory:

Hand Weapons
 j - the +9 mace "Jaupp" {flame, rN+ Str+4}
   (You found it on level 2 of the Dungeon)

   Str+4:     It affects your strength (+4).
   rN+:       It protects you from negative energy.
 o - the +5 whip of Eqow Ydu {elec, rN+ rCorr}
   (You found it on level 3 of the Dungeon)

   rN+:       It protects you from negative energy.
   rCorr:     It protects you from acid and corrosion.
Magical Staves
 f - a staff of poison
Jewellery
 S - a ring of see invisible (left tentacle)
 W - a ring of wizardry (right tentacle)
Talismans
 b - a beast talisman
 c - a flux talisman
Scrolls
 g - 3 scrolls of identify {unknown}
 i - 2 scrolls of teleportation {unknown}
 l - 2 scrolls of poison {unknown}
 m - a scroll of brand weapon {unknown}
 p - a scroll of enchant weapon {unknown}
 r - a scroll of revelation {unknown}
 s - a scroll of acquirement {unknown}
 t - a scroll of blinking {unknown}
Potions
 a - a potion of lignification
 d - 4 potions of mutation {unknown}
 e - a potion of curing {unknown}
 h - 3 potions of berserk rage {unknown}
 k - a potion of haste {unknown}
 n - 2 potions of heal wounds {unknown}
 q - a potion of might {unknown}


   Skills:
 + Level 3.1 Fighting
 - Level 2.0 Dodging
 * Level 5.3 Unarmed Combat
 + Level 1.9 Conjurations
 + Level 1.8 Air Magic
 + Level 2.3 Poison Magic
 * Level 5.1 Shapeshifting


You had 3 spell levels left.
You knew the following spells:

 Your Spells              Type           Power      Damage    Failure   Level
x - Mephitic Cloud        Conj/Pois/Air  4%         N/A       17%         3

Your spell library contained the following spells:

 Spells                   Type           Power      Damage    Failure   Level
 Magic Dart               Conj           16%        1d3       6%          1
 Momentum Strike          Conj/Tloc      4%         3d8       14%         2
 Blink                    Tloc           0%         N/A       21%         2
 Call Imp                 Summ           0%         N/A       21%         2
 Lesser Beckoning         Tloc           0%         N/A       21%         2
 Dazzling Flash           Conj/Hex       4%         N/A       26%         3
 Volatile Blastmotes      Fire/Tloc      0%         2d10      36%         3
 Passage of Golubria      Tloc           0%         N/A       75%         4
 Silence                  Hex/Air        1%         N/A       91%         5
 Starburst                Conj/Fire      1%         6d3       100%        6
 Lehudib's Crystal Spear  Conj/Erth      1%         10d2      100%        8
 Maxwell's Capacitive Co  Air            2%         ∞         100%        8


Dungeon Overview and Level Annotations

Branches:
Dungeon (6/15)
 Temple: D:4-7

Altars:
Ashenzari
Uskayaw
Zin

Shops:
D:2 [


Innate Abilities, Weirdness & Mutations

You are a hulking beast.
Your limbs bulge with bestial killing power. (Slay +2)
You cannot wear most types of armour.
You are amphibious.
You can wear up to eight rings at the same time.
Your skin changes colour to match your surroundings (Stealth+).
Your rubbery body absorbs attacks. (AC +1, EV +1)
((You are camouflaged when in or above water. (Stealth+)))
You have tentacles for arms and can constrict up to eight enemies at once.


Message History

You kill the ufetubus!
The ufetubus closely misses you. The ufetubus hits you. x3
You take 8 damage, and have 37/46 hp.
You see here a +0 robe.
You miss the ufetubus. Your grab misses the ufetubus.
Your squeeze misses the ufetubus. The ufetubus hits you.
The ufetubus barely misses you.
An orc wizard comes into view. It is wielding a +0 dagger.
The ufetubus closely misses you.
The ufetubus hits you but does no damage.
You take 1 damage, and have 36/46 hp.
The ufetubus attacks as it pursues you! The ufetubus hits you. x2
You take 6 damage, and have 30/46 hp.
The ufetubus attacks as it pursues you! The ufetubus hits you.
The ufetubus hits you but does no damage.
You take 3 damage, and have 27/46 hp.
The ufetubus attacks as it pursues you! The ufetubus barely misses you.
The ufetubus hits you. The ufetubus closely misses you. The ufetubus hits you.
There is a stone staircase leading down here.
You take 4 damage, and have 23/46 hp.
The ufetubus hits you. The ufetubus closely misses you.
You climb downwards.
There is a stone staircase leading up here.
You take 2 damage, and have 21/46 hp.
You closely miss the ufetubus. Your grab misses the ufetubus.
Your squeeze misses the ufetubus. The ufetubus closely misses you.
The ufetubus barely misses you. x2; The ufetubus misses you.
You tentacle-slap the ufetubus. Your grab misses the ufetubus.
The ufetubus is moderately wounded.
The ufetubus misses you. The ufetubus barely misses you.
You bludgeon the ufetubus!
You kill the ufetubus!
The centaur wields a +0 shortbow.
The centaur shoots an arrow.
The arrow hits you!
* * * LOW HITPOINT WARNING * * *
The centaur shoots an arrow.
The arrow hits you.
* * * LOW HITPOINT WARNING * * *
You take 16 damage, and have 6/46 hp.
MASSIVE DAMAGE!!
The centaur shoots an arrow.
The arrow hits you!
You die...

#........#
#........##
#.........
##........#
..........#
..........#
..........#
#..c..h.<#
..#......#...#
#.!##....##..#
#. #....# # ..
.....# .#
.......
.....#...
.......#...


You could see a centaur.

Vanquished Creatures
  Eustachio (D:4)
  An ice beast (D:5)
  A black bear (D:4)
  An ogre (D:4)
  Blork the orc (D:4)
  An orc priest (D:3)
  Natasha (D:2)
  4 gnolls (D:4)
  3 adders
  2 ufetubi
  A dart slug (D:1)
  7 orcs
  6 ball pythons
  9 endoplasms
  2 giant cockroaches
  5 goblins
  4 hobgoblins
  8 jackals
  3 quokkas
  4 bats
  2 frilled lizards
  7 kobolds
  7 rats
81 creatures vanquished.

Notes
Turn   | Place    | Note
-------+----------+-------------------------------------------
     0 | D:1      | Dirtsage the Octopode Shapeshifter began the quest for the
                  | Orb.
     0 | D:1      | Reached XP level 1. HP: 13/13 MP: 1/1
   169 | D:1      | Reached XP level 2. HP: 18/18 MP: 2/2
   549 | D:1      | Reached XP level 3. HP: 11/23 MP: 3/3
   782 | D:2      | Noticed Natasha
   788 | D:2      | Killed Natasha
   789 | D:2      | Reached XP level 4. HP: 27/29 MP: 4/4
   885 | D:2      | Found a faded altar of an unknown god.
   962 | D:2      | Identified the +9 mace "Jaupp" {flame, rN+ Str+4}
  1427 | D:2      | Found Berpheu's Armour Shop.
  1773 | D:3      | Reached XP level 5. HP: 31/34 MP: 5/5
  1820 | D:3      | Found a hide-covered altar of Uskayaw.
  1901 | D:3      | Identified the +5 whip of Eqow Ydu {elec, rN+ rCorr}
  2366 | D:4      | Learned a level 3 spell: Mephitic Cloud
  2412 | D:4      | Noticed Eustachio
  2457 | D:4      | Killed Eustachio
  2458 | D:4      | Reached skill level 1 in Poison Magic
  2458 | D:4      | Reached XP level 6. HP: 27/41 MP: 6/6
  2555 | D:4      | Reached skill level 1 in Conjurations
  2555 | D:4      | Reached skill level 1 in Air Magic
  2773 | D:4      | Found a glowing silver altar of Zin.
  2773 | D:4      | Noticed an angel
  2858 | D:4      | Noticed Blork the orc
  2901 | D:4      | Killed Blork the orc
  2902 | D:4      | Reached XP level 7. HP: 37/45 MP: 3/7
  2936 | D:4      | Reached skill level 5 in Unarmed Combat
  3629 | D:5      | Entered Level 5 of the Dungeon
  3633 | D:5      | Found a broken altar of Ashenzari.
  3711 | D:5      | Reached skill level 5 in Shapeshifting
  3832 | D:6      | Shot with an arrow by a centaur

Illustrated notes

Levels and vault maps discovered:
D:1:      mushboom_english_gardens, layout_loops_ring
D:2:      layout_loops_corners, shapermc_ecumenical_altar_flowoftime,
          serial_shops, shop_statue, uniq_natasha
D:3:      layout_loops_ring, nicolae_uskayaw_dance_hall
D:4:      layout_cave_pods, zin_angel, corexii_item_surrounded_by_moat,
          uniq_blork_the_orc, uniq_eustachio
D:5:      layout_loops_ring, ashenzari_altar_1, uniq_menkaure
D:6:      layout_rooms, minmay_temple_entry_gardened_gates,
          kennysheep_opposing_triangles, uniq_prince_ribbit1, uniq_pikel,
          uniq_maggie, uniq_grinder

Skill      XL: |  1  2  3  4  5  6  7 |
---------------+----------------------+-----
Fighting       | 2 3 |  3.1
Unarmed Combat | 4 5 |  5.3
Shapeshifting  | 4 5 |  5.1
Poison Magic   | 1 2 |  2.3
Conjurations   | 1 |  1.9
Air Magic      | 1 |  1.8
Dodging        | |  2.0

Action                     |  1- 3 |  4- 6 |  7- 9 || total
---------------------------+-------+-------+-------++-------
  Melee: Unarmed           |    53 |    14 |    38 ||   105
         Constrict         |    11 |    14 |     6 ||    31
         Tentacles         |     9 |     9 |     6 ||    24
         Punch             |     2 |     1 |     1 ||     4
         Mace              |       |    31 |       ||    31
         Whip              |       |    28 |       ||    28
   Cast: Mephitic Cloud    |       |     3 |       ||     3
    Use: Potion            |       |       |     1 ||     1
   Stab: Sleeping          |     8 |     9 |       ||    17
         Distracted        |       |     2 |       ||     2
 Armour: Skin              |    19 |    31 |    36 ||    86
  Dodge: Dodged            |    30 |    36 |    28 ||    94

Table legend: (Time is in decaauts)
 A = Elapsed time spent in this place.
 B = Non-inter-level travel time spent in this place.
 C = Inter-level travel time spent in this place.
 D = Time resting spent in this place.
 E = Time spent auto-exploring this place.
 F = Levels seen in this place.
 G = Mean time per level.
                   A        B        C        D        E       F      G
               +--------+--------+--------+--------+--------+-----+--------+
         Total |   3837 |   3777 |     60 |    217 |   2952 |   6 |  639.5 |
       Dungeon |   3837 |   3777 |     60 |    217 |   2952 |   6 |  639.5 |
               +--------+--------+--------+--------+--------+-----+--------+

Top non-repeatable levels by time:
     D:4: 1197 daAuts
     D:2: 904 daAuts
     D:3: 806 daAuts
     D:1: 728 daAuts
     D:5: 195 daAuts
     D:6: 4 daAuts
